| TOP OF THE 1ST |
|
Washington Nationals batting - Pitching for Miami Marlins : RHP Link Zeller
|
|
Pitching: RHP Link Zeller
|
|
|
Batting: RHB Tommy Baird
|
0-0: Ball 1-0: Called Strike 1-1: Fly out, F8 (Flyball, 8RD, EV 90.6 MPH)
|
|
Batting: LHB Bob Melley
|
0-0: Called Strike 0-1: Ball 1-1: Ball 2-1: Foul Ball, location: 2F 2-2: Ball 3-2: Base on Balls
|
|
Batting: LHB Seth Cook
|
0-0: Called Strike 0-1: Ball 1-1: Ball 2-1: Swinging Strike 2-2: Strikes out swinging
|
|
Batting: RHB John Sanders
|
0-0: Fly out, F8 (Flyball, 8RS, EV 90.6 MPH)
|
| Top of the 1st over - 0 runs, 0 hits, 0 errors, 1 left on base; Washington 0 - Miami 0 |
| BOTTOM OF THE 1ST |
|
Miami Marlins batting - Pitching for Washington Nationals : RHP Danny Diaz
|
|
Pitching: RHP Danny Diaz
|
|
|
Batting: RHB Matt Thompson
|
0-0: Ball 1-0: Ball 2-0: Ball 3-0: Base on Balls
|
|
Batting: LHB Jose Bregaro
|
0-0: Ball 1-0: Ball 2-0: Ball 3-0: Base on Balls Matt Thompson to second
|
|
Batting: LHB Andre Gorter
|
0-0: Called Strike 0-1: Foul Ball, location: 2F 0-2: Ball 1-2: Foul Ball, location: 2F 1-2: Ball 2-2: Strikes out swinging
|
|
Batting: LHB Adam Durgin
|
0-0: Called Strike 0-1: Swinging Strike 0-2: Ball 1-2: Grounds into double play, 4-6-3 (Groundball, 4, EV 80.6 MPH)
|
| Bottom of the 1st over - 0 runs, 0 hits, 0 errors, 1 left on base; Washington 0 - Miami 0 |
| TOP OF THE 2ND |
|
Washington Nationals batting - Pitching for Miami Marlins : RHP Link Zeller
|
|
Batting: LHB Emmanuel Gaskin
|
0-0: Ball 1-0: Ground out 5-3 (Groundball, 56, EV 86.9 MPH)
|
|
Batting: RHB Kirk Arp
|
0-0: Called Strike 0-1: Ball 1-1: Foul Ball, location: 2F 1-2: Ball 2-2: Ball 3-2: Strikes out swinging
|
|
Batting: LHB Kyung-jin Cho
|
0-0: Ball 1-0: Foul Ball, location: 2F 1-1: Foul Ball, location: 2F 1-2: Strikes out looking
|
| Top of the 2nd over - 0 runs, 0 hits, 0 errors, 0 left on base; Washington 0 - Miami 0 |
| BOTTOM OF THE 2ND |
|
Miami Marlins batting - Pitching for Washington Nationals : RHP Danny Diaz
|
|
Batting: RHB Jimmy Groseclose
|
0-0: Fly out, F7 (Flyball, 8LS, EV 80.6 MPH)
|
|
Batting: RHB Tony Stedman
|
0-0: Ball 1-0: Called Strike 1-1: Called Strike 1-2: Fly out, F1 (Popup, P, EV 73.1 MPH)
|
|
Batting: RHB Mike Gar
|
0-0: Called Strike 0-1: Ball 1-1: Ball 2-1: Ball 3-1: Swinging Strike 3-2: Strikes out swinging
|
| Bottom of the 2nd over - 0 runs, 0 hits, 0 errors, 0 left on base; Washington 0 - Miami 0 |
| TOP OF THE 3RD |
|
Washington Nationals batting - Pitching for Miami Marlins : RHP Link Zeller
|
|
Batting: RHB Dan Fallon
|
0-0: Called Strike 0-1: Ball 1-1: Called Strike 1-2: Strikes out swinging
|
|
Batting: RHB Darren McCarty Jr.
|
0-0: SINGLE (Flyball, 8RS, EV 91.9 MPH)
|
|
Batting: RHB Tommy Baird
|
0-0: Ball 1-0: Called Strike 1-1: Fielders Choice at 2nd, 6-4 (Groundball, 56D, EV 105.6 MPH)
|
|
Batting: LHB Bob Melley
|
0-0: Ball 1-0: Ball Pickoff Play to 1st, Runner tries for 2nd, OUT after rundown.
|
| Top of the 3rd over - 0 runs, 1 hit, 0 errors, 0 left on base; Washington 0 - Miami 0 |
| BOTTOM OF THE 3RD |
|
Miami Marlins batting - Pitching for Washington Nationals : RHP Danny Diaz
|
|
Batting: RHB Alberto Cotto
|
0-0: Ball 1-0: Swinging Strike 1-1: Ball 2-1: Ball 3-1: Base on Balls
|
|
Batting: RHB Willie Chavez
|
0-0: Swinging Strike 0-1: Sac Bunt to P - play at first, batter OUT! 1-3 Alberto Cotto to second
|
|
Batting: RHB Matt Thompson
|
0-0: Ball 1-0: Foul Ball, location: 2F 1-1: SINGLE (Line Drive, 6M, EV 100.0 MPH) Alberto Cotto to third
|
|
Batting: LHB Jose Bregaro
|
0-0: Foul Ball, location: 2F 0-1: Ball 1-1: Called Strike 1-2: Strikes out swinging
|
|
Batting: LHB Andre Gorter
|
0-0: Ball 1-0: Ball 2-0: Ball 3-0: Called Strike 3-1: Swinging Strike Pickoff Throw by Catcher to First - Error! E2 Alberto Cotto scores Matt Thompson to second 3-2: Base on Balls
|
|
Batting: LHB Adam Durgin
|
0-0: Fielders Choice at 2nd, 5-4 (Groundball, 5, EV 88.8 MPH)
|
| Bottom of the 3rd over - 1 run, 1 hit, 1 error, 2 left on base; Washington 0 - Miami 1 |
| TOP OF THE 4TH |
|
Washington Nationals batting - Pitching for Miami Marlins : RHP Link Zeller
|
|
Batting: LHB Bob Melley
|
0-0: Ball 1-0: Ball 2-0: Called Strike 2-1: Foul Ball, location: 2F 2-2: Ground out 5-3 (Groundball, 5, EV 102.5 MPH)
|
|
Batting: LHB Seth Cook
|
0-0: Foul Ball, location: 2F 0-1: Ball 1-1: Ball 2-1: SINGLE (Groundball, 6D, EV 95.6 MPH)
|
|
Batting: RHB John Sanders
|
0-0: Fly out, F3 (Line Drive, 3L, EV 75.0 MPH) Lined into DP, U3 (Line Drive, 3L, EV 70.0 MPH)
|
| Top of the 4th over - 0 runs, 1 hit, 0 errors, 0 left on base; Washington 0 - Miami 1 |
| BOTTOM OF THE 4TH |
|
Miami Marlins batting - Pitching for Washington Nationals : RHP Danny Diaz
|
|
Batting: RHB Jimmy Groseclose
|
0-0: Ball 1-0: Called Strike 1-1: SINGLE (Groundball, 6D, EV 106.9 MPH)
|
|
Batting: RHB Tony Stedman
|
0-0: Called Strike 0-1: Ball 1-1: Foul Ball, location: 2F 1-2: Foul Ball, location: 2F 1-2: Ground out 4-3 (Groundball, 13, EV 80.0 MPH) Jimmy Groseclose to second
|
|
Batting: RHB Mike Gar
|
0-0: Ball 1-0: Called Strike 1-1: Called Strike 1-2: Strikes out swinging
|
|
Batting: RHB Alberto Cotto
|
0-0: Ball 1-0: Foul Ball, location: 2F 1-1: Ball 2-1: Ball 3-1: Base on Balls
|
|
Batting: RHB Willie Chavez
|
0-0: Fielders Choice at 2nd, 6-4 (Groundball, 6, EV 79.4 MPH)
|
| Bottom of the 4th over - 0 runs, 1 hit, 0 errors, 2 left on base; Washington 0 - Miami 1 |
| TOP OF THE 5TH |
|
Washington Nationals batting - Pitching for Miami Marlins : RHP Link Zeller
|
|
Batting: LHB Emmanuel Gaskin
|
0-0: Ball 1-0: Ball 2-0: Ball 3-0: Called Strike 3-1: Base on Balls
|
|
Batting: RHB Kirk Arp
|
0-0: Ball 1-0: 2-RUN HOME RUN (Flyball, 8RXD, EV 110.6 MPH), Distance : 444 ft
|
|
Batting: LHB Kyung-jin Cho
|
0-0: Foul Ball, location: 2F 0-1: Ball 1-1: Ground out 4-3 (Groundball, 4, EV 105.6 MPH)
|
|
Batting: RHB Dan Fallon
|
0-0: Ball 1-0: Foul Ball, location: 2F 1-1: Foul Ball, location: 2F 1-2: Ball 2-2: Ball 3-2: Reached on error, E4 (Groundball, 4, EV 83.1 MPH)
|
|
Batting: RHB Darren McCarty Jr.
|
0-0: Ball 1-0: Foul Ball, location: 2F 1-1: DOUBLE (Groundball, 5L, EV 100.6 MPH) Dan Fallon to third Runner from 3rd tries for Home, SAFE, throw by LF to home
|
|
Batting: RHB Tommy Baird
|
0-0: Ball 1-0: Ground out 4-3 (Groundball, 4M, EV 97.5 MPH) Darren McCarty Jr. to third
|
|
Batting: LHB Bob Melley
|
0-0: Ball 1-0: Fly out, F8 (Flyball, 8LD, EV 90.0 MPH)
|
| Top of the 5th over - 3 runs, 2 hits, 1 error, 1 left on base; Washington 3 - Miami 1 |
| BOTTOM OF THE 5TH |
|
Miami Marlins batting - Pitching for Washington Nationals : RHP Danny Diaz
|
|
Batting: RHB Matt Thompson
|
0-0: Swinging Strike 0-1: Ball 1-1: Foul Ball, location: 2F 1-2: Strikes out looking
|
|
Batting: LHB Jose Bregaro
|
0-0: Foul Ball, location: 2F 0-1: Foul Ball, location: 2F 0-2: SINGLE (Line Drive, 34D, EV 107.5 MPH)
|
|
Batting: LHB Andre Gorter
|
0-0: Ball 1-0: Called Strike 1-1: Ball Jose Bregaro is caught stealing 2nd base 2-6 2-1: Ball 3-1: Called Strike 3-2: SOLO HOME RUN (Flyball, 9LD, EV 94.4 MPH), Distance : 347 ft
|
|
Batting: LHB Adam Durgin
|
0-0: Ground out 6-3 (Groundball, 6, EV 84.4 MPH)
|
| Bottom of the 5th over - 1 run, 2 hits, 0 errors, 0 left on base; Washington 3 - Miami 2 |
| TOP OF THE 6TH |
|
Washington Nationals batting - Pitching for Miami Marlins : RHP Link Zeller
|
|
Batting: LHB Seth Cook
|
0-0: Ball 1-0: Called Strike 1-1: Foul Ball, location: 2F 1-2: Ball 2-2: Ball 3-2: Foul Ball, location: 2F 3-2: DOUBLE (Flyball, 89XD, EV 98.8 MPH)
|
|
Batting: RHB John Sanders
|
0-0: Ground out 1-3 (Groundball, 15S, EV 63.8 MPH)
|
|
Batting: LHB Emmanuel Gaskin
|
0-0: Swinging Strike 0-1: Foul Ball, location: 2F 0-2: DOUBLE (Line Drive, 9LM, EV 93.1 MPH) Seth Cook scores
|
|
Batting: RHB Kirk Arp
|
0-0: Ball 1-0: Foul Ball, location: 2F 1-1: Swinging Strike 1-2: Strikes out swinging
|
|
Batting: LHB Kyung-jin Cho
|
0-0: Intentional Walk
|
|
Batting: RHB Dan Fallon
|
0-0: Foul Ball, location: 2F 0-1: Called Strike 0-2: Strikes out looking
|
| Top of the 6th over - 1 run, 2 hits, 0 errors, 2 left on base; Washington 4 - Miami 2 |
| BOTTOM OF THE 6TH |
|
Miami Marlins batting - Pitching for Washington Nationals : RHP Danny Diaz
|
|
Batting: RHB Jimmy Groseclose
|
0-0: Swinging Strike 0-1: Foul Ball, location: 2F 0-2: Foul Ball, location: 2F 0-2: Ball 1-2: Ball 2-2: Foul Ball, location: 2F 2-2: Ball 3-2: Strikes out swinging
|
|
Batting: RHB Tony Stedman
|
0-0: Called Strike 0-1: Foul Ball, location: 2F 0-2: Ball 1-2: Foul Ball, location: 2F 1-2: Strikes out swinging
|
|
Batting: RHB Mike Gar
|
0-0: Called Strike 0-1: Fly out, F7 (Flyball, 78M, EV 91.2 MPH)
|
| Bottom of the 6th over - 0 runs, 0 hits, 0 errors, 0 left on base; Washington 4 - Miami 2 |
| TOP OF THE 7TH |
|
Washington Nationals batting - Pitching for Miami Marlins : RHP Link Zeller
|
|
Batting: RHB Darren McCarty Jr.
|
0-0: SINGLE (Flyball, 78M, EV 93.1 MPH)
|
|
Batting: RHB Tommy Baird
|
0-0: Ball 1-0: Called Strike 1-1: Called Strike 1-2: Strikes out swinging
|
|
Batting: LHB Bob Melley
|
0-0: Called Strike 0-1: Called Strike 0-2: Ball 1-2: Grounds into double play, U6-3 (Groundball, 4M, EV 81.2 MPH)
|
| Top of the 7th over - 0 runs, 1 hit, 0 errors, 0 left on base; Washington 4 - Miami 2 |
| BOTTOM OF THE 7TH |
|
Miami Marlins batting - Pitching for Washington Nationals : RHP Danny Diaz
|
|
Batting: RHB Alberto Cotto
|
0-0: Foul Ball, location: 2F 0-1: Foul Ball, location: 2F 0-2: Ball 1-2: Strikes out swinging
|
|
Batting: RHB Willie Chavez
|
0-0: Ball 1-0: Called Strike 1-1: Ground out 2-3 (Groundball, 15S, EV 69.4 MPH)
|
|
Batting: RHB Matt Thompson
|
0-0: Ball 1-0: Ball 2-0: SINGLE (Line Drive, 89S, EV 108.1 MPH)
|
|
Pitching: RHP Travis Plesz
|
|
|
Batting: LHB Jose Bregaro
|
0-0: Called Strike 0-1: Ball Matt Thompson steals 2nd base 1-1: Ball 2-1: Ground out 4-3 (Groundball, 4, EV 84.4 MPH)
|
| Bottom of the 7th over - 0 runs, 1 hit, 0 errors, 1 left on base; Washington 4 - Miami 2 |
| TOP OF THE 8TH |
|
Washington Nationals batting - Pitching for Miami Marlins : RHP Link Zeller
|
|
Batting: LHB Seth Cook
|
0-0: Called Strike 0-1: Foul Ball, location: 2F 0-2: Foul Ball, location: 2F 0-2: Foul Ball, location: 2F 0-2: Ball 1-2: Strikes out looking
|
|
Batting: RHB John Sanders
|
0-0: Ball 1-0: Called Strike 1-1: SINGLE (Groundball, 6MD, EV 101.9 MPH)
|
|
Batting: LHB Emmanuel Gaskin
|
0-0: Called Strike 0-1: Swinging Strike 0-2: Strikes out swinging
|
|
Batting: RHB Kirk Arp
|
0-0: Ball John Sanders steals 2nd base 1-0: Ball 2-0: Fly out, F2 (Popup, 5SF, EV 88.1 MPH)
|
| Top of the 8th over - 0 runs, 1 hit, 0 errors, 1 left on base; Washington 4 - Miami 2 |
| BOTTOM OF THE 8TH |
|
Miami Marlins batting - Pitching for Washington Nationals : RHP Travis Plesz
|
|
Now at 2B: Kirk Arp
|
|
|
Now at SS: Dylan Novakowski
|
|
|
Batting: LHB Andre Gorter
|
0-0: Fly out, F6 (Popup, 6S, EV 63.1 MPH)
|
|
Batting: LHB Adam Durgin
|
0-0: Ball 1-0: Ball 2-0: Called Strike 2-1: SINGLE (Flyball, 8LS, EV 90.6 MPH)
|
|
Batting: RHB Jimmy Groseclose
|
0-0: Called Strike 0-1: Swinging Strike 0-2: Grounds into double play, 6-4-3 (Groundball, 6, EV 84.4 MPH)
|
| Bottom of the 8th over - 0 runs, 1 hit, 0 errors, 0 left on base; Washington 4 - Miami 2 |
| TOP OF THE 9TH |
|
Washington Nationals batting - Pitching for Miami Marlins : RHP Link Zeller
|
|
Batting: LHB Kyung-jin Cho
|
0-0: Called Strike 0-1: Ball 1-1: DOUBLE (Line Drive, 78D, EV 110.0 MPH)
|
|
Batting: RHB Dan Fallon
|
0-0: Intentional Walk
|
|
Pitching: RHP Adam Thomas
|
|
|
Batting: RHB Darren McCarty Jr.
|
0-0: Sac Bunt to 15S - play at first, batter OUT! 1-3 Kyung-jin Cho to third Dan Fallon to second
|
|
Batting: RHB Tommy Baird
|
0-0: Ball 1-0: Fly out, F8 (Flyball, 8LD, EV 88.8 MPH) Runner from 3rd tags up, SCORES, throw by CF
|
|
Batting: LHB Bob Melley
|
0-0: Ball 1-0: Ball 2-0: Foul Ball, location: 2F 2-1: Ground out 4-3 (Groundball, 4S, EV 89.4 MPH)
|
| Top of the 9th over - 1 run, 1 hit, 0 errors, 1 left on base; Washington 5 - Miami 2 |
| BOTTOM OF THE 9TH |
|
Miami Marlins batting - Pitching for Washington Nationals : RHP Travis Plesz
|
|
Pitching: RHP David Sly
|
|
|
Batting: RHB Tony Stedman
|
0-0: SINGLE (Line Drive, 8RS, EV 105.6 MPH)
|
|
Batting: RHB Mike Gar
|
0-0: Foul Ball, location: 2F 0-1: Ball 1-1: Called Strike 1-2: Ball 2-2: Strikes out looking
|
|
Pinch Hitting: SHB Jordan Barragan
|
0-0: Foul Ball, location: 2F 0-1: Called Strike 0-2: Foul Ball, location: 2F 0-2: Ball 1-2: Foul Ball, location: 2F 1-2: Strikes out looking
|
|
Batting: RHB Willie Chavez
|
0-0: Ball 1-0: Foul Ball, location: 2F 1-1: Ball 2-1: Swinging Strike 2-2: Strikes out swinging
|
| Bottom of the 9th over - 0 runs, 1 hit, 0 errors, 1 left on base; Washington 5 - Miami 2 |
|